 Dungeon Crawl Stone Soup version 0.25-a0-992-gca090100c3 (webtiles) character file.

Game seed: 15309266780812812588, levelgen mode: classic

6829 Amnesiac the Frost Mage (level 10, -2/50 HPs)
             Began as a Deep Elf Ice Elementalist on May 10, 2020.
             Was a Priest of Vehumet.
             Slain by a polar bear (3 damage)
             ... in an ice cave.
             The game lasted 00:27:26 (11320 turns).

Amnesiac the Frost Mage (DEIE)                     Turns: 11320, Time: 00:27:26

Health: -2/50      AC:  4    Str:  5    XL:     10   Next: 77%
Magic:  0/27       EV: 18    Int: 24    God:    Vehumet [***...]
Gold:   722        SH:  0    Dex: 20    Spells: 11/32 levels left

rFire    + . .     SeeInvis .   a - +0 hunting sling
rCold    . . .     Gourm    .   (no shield)
rNeg     . . .     Faith    .   p - +0 robe
rPois    .         Spirit   +   (no helmet)
rElec    .         Reflect  .   z - +0 cloak
rCorr    .         Harm     .   G - +0 pair of gloves
MR       +....                  (no boots)
Stlth    +++.......             D - amulet of guardian spirit
HPRegen  0.16/turn              o - +5 ring of dexterity
MPRegen  0.20/turn              s - ring of protection from fire

@: no status effects
A: no striking features
a: Renounce Religion


You were in an ice cave.
You worshipped Vehumet.
Vehumet was most pleased with you.
You were not hungry.

You visited 3 branches of the dungeon, and saw 11 of its levels.
You also visited: Ice Cave.

You collected 722 gold pieces.

Inventory:

Hand Weapons
 a - a +0 hunting sling (weapon)
 b - a +1 short sword of holy wrath
Missiles
 k - 11 javelins
 y - 285 stones (quivered)
 B - 28 sling bullets
 H - 5 throwing nets
Armour
 p - a +0 robe (worn)
 x - a +1 leather armour of magic resistance
 z - a +0 cloak (worn)
 G - a +0 pair of gloves (worn)
Jewellery
 o - a +5 ring of dexterity (left hand)
 s - a ring of protection from fire (right hand)
 D - an amulet of guardian spirit (around neck)
Wands
 v - a wand of digging (5)
 I - a wand of paralysis (4)
Scrolls
 f - a scroll of teleportation {!r}
 g - 5 scrolls of remove curse {!r}
 n - 2 scrolls of enchant weapon {!r}
 q - 2 scrolls of fear {!r}
 t - a scroll of noise {!r}
 u - 2 scrolls of immolation {!r}
 E - 2 scrolls of fog {!r}
 J - a scroll of vulnerability {!r}
 K - 2 scrolls of enchant armour {!r}
Potions
 e - 2 potions of heal wounds {!q}
 i - 2 potions of brilliance {!q}
 j - a potion of might {!q, unknown}
 l - a potion of flight {!q}
 m - a potion of curing {!q}
 r - a potion of magic {!q}
 w - a potion of cancellation {!q}
 C - 2 potions of lignification {!q}
 F - a potion of invisibility {!q}
 L - a potion of resistance {!q}
Comestibles
 c - 16 rations


   Skills:
 + Level 7.6 Dodging
 - Level 3.0 Stealth
 + Level 11.5 Spellcasting
 * Level 13.6 Ice Magic
 - Level 3.0 Evocations


You had 11 spell levels left.
You knew the following spells:

 Your Spells              Type           Power        Failure   Level  Hunger
a - Freeze                Ice            ####         0%          1    None
b - Frozen Ramparts       Ice            ######       1%          3    None
c - Summon Ice Beast      Ice/Summ       #####...     2%          4    None
d - Hailstorm             Conj/Ice       #####...     1%          4    None
e - Shock                 Conj/Air       ##..         1%          1    None
f - Ensorcelled Hibernat  Hex/Ice        #####.       1%          2    None
s - Conjure Flame         Conj/Fire      ##......     4%          3    None
z - Ozocubu's Armour      Chrm/Ice       #####...     1%          3    None

Your spell library contained the following spells:

 Spells                   Type           Power        Failure   Level  Hunger
 Static Discharge         Conj/Air       ##......     4%          3    None
 Corona                   Hex            ##.....      4%          1    None
 Dazzling Flash           Conj/Hex       ##....       4%          3    None
 Confusing Touch          Hex            ##......     14%         3    None
 Tukima's Dance           Hex            ##......     14%         3    None


Dungeon Overview and Level Annotations

Branches:
Dungeon (9/15)             Temple (1/1) D:6            Lair (0/6) D:9
    Orc (1/2) D:9           IceCv (1/1)

Altars:
Dithmenos
Gozag
Hepliaklqana
Makhleb
Ru
Sif Muna
Uskayaw
Vehumet
Wu Jian
Xom
Yredelemnul
Zin
The Shining One
Beogh

Annotations:
D:3 exclusion: upstairs
D:4 1 exclusion
D:5 1 exclusion


Message History

Aim: a polar bear (almost dead, berserk, chance to defeat MR: 54%)
Okay, then.
Evoke which item? (* to show all) (? for menu, Esc to quit)
Aiming: Random Effects
Press: ? - help, Shift-Dir - straight line, f/p - polar bear
Aim: a polar bear (almost dead, berserk)
The polar bear flickers and vanishes!
Deactivating autopickup; reactivate with Ctrl-A.
Something bites you!
Something claws you but does no damage. x2
Evoke which item? (* to show all) (? for menu, Esc to quit)
Aiming: Cloud Cone
Press: ? - help, Dir - move target cursor You create a blast of noxious fumes!
The now-empty wand crumbles to dust.
Unknown command.
Evoke which item? (* to show all) (? for menu, Esc to quit)
Aiming: Random Effects
Press: ? - help, Shift-Dir - straight line, f - you
Okay, then.
Something closely misses you. Something barely misses you.
Something closely misses you.
Evoke which item? (* to show all) (? for menu, Esc to quit)
Aiming: Random Effects
Press: ? - help, Shift-Dir - straight line Nothing appears to happen.
Something bites you but does no damage. Something claws you.
Something claws you but does no damage.
Evoke which item? (* to show all) (? for menu, Esc to quit)
Aiming: Random Effects
Press: ? - help, Shift-Dir - straight line Nothing appears to happen.
Evoke which item? (* to show all) (? for menu, Esc to quit)
Aiming: Random Effects
Press: ? - help, Shift-Dir - straight line Nothing appears to happen.
The now-empty wand crumbles to dust.
Something barely misses you. Something claws you but does no damage.
Something claws you. Something closely misses you. Something claws you!
* * * LOW HITPOINT WARNING * * *
Something closely misses you.
Evoke which item? (* to show all) (? for menu, Esc to quit)
Aiming: Paralyse
Press: ? - help, Shift-Dir - straight line Nothing appears to happen.
Okay, then.
You hear an angry growl.
There is an ice covered gate leading back out of this place here.
Evoke which item? (* to show all) (? for menu, Esc to quit)
Okay, then.
Firing (i - inventory. (/) - cycle)
y - 286 stones (quivered)
Press: ? - help, Shift-Dir - straight line You shoot a stone.
Something bites you!!
* * * LOW HITPOINT WARNING * * *
Something claws you but does no damage. Something barely misses you.
Evoke which item? (* to show all) (? for menu, Esc to quit)
Aiming: Paralyse
Press: ? - help, Shift-Dir - straight line Nothing appears to happen.
Something barely misses you. Something closely misses you.
Something claws you but does no damage.
Unknown command.
Evoke which item? (* to show all) (? for menu, Esc to quit)
Aiming: Paralyse
Press: ? - help, Shift-Dir - straight line Nothing appears to happen.
Something bites you.
* * * LOW HITPOINT WARNING * * *
Something claws you.
You die...

#####
#@..##
##..∩# .
#....# ..
##°.(#
...#
##§.##
#h..
#☼†.#
#...##§.#
#..Y...#
###...##


There were no monsters in sight!

Vanquished Creatures
  Harold (D:7)
  A two-headed ogre (Orc:1)
  An orc knight (Orc:1)
  Joseph (D:7)
  An ice devil (Orc:1)
  A hippogriff (D:8)
  Sigmund (D:2)
  A hungry ghost (D:7)
  8 orc warriors
  2 phantoms
  A wolf (IceCv)
  3 ogres
  2 centaurs
  A nameless horror (D:7)
  A big kobold (D:8)
  6 bullfrogs
  11 killer bees (D:7)
  A howler monkey (D:8)
  4 crimson imps
  3 jellies
  A quasit (D:6)
  2 hounds
  9 orc priests
  Crazy Yiuf (D:3)
  4 iguanas
  Terence (D:2)
  A gnoll shaman (D:9)
  12 orc wizards
  7 worker ants
  A killer bee zombie (D:5)
  14 adders
  3 gnolls (D:9)
  An ooze (D:4)
  An adder zombie (D:5)
  A worm (D:4)
  2 dart slugs (D:2)
  5 leopard geckos
  50 orcs
  A ball python (D:1)
  5 giant cockroaches
  7 goblins
  5 hobgoblins
  6 jackals
  7 quokkas
  4 bats
  5 frilled lizards
  A jackal zombie (D:6)
  5 kobolds
  A leopard gecko skeleton (D:7)
  8 rats
222 creatures vanquished.

Vanquished Creatures (collateral kills)
  A yak (IceCv)
  An ice beast (D:7)
2 creatures vanquished.

Vanquished Creatures (others)
  2 wolves (IceCv)
2 creatures vanquished.

Grand Total: 226 creatures vanquished

Notes
Turn   | Place    | Note
-------+----------+-------------------------------------------
     0 | D:1      | Amnesiac the Deep Elf Ice Elementalist began the quest for
                  | the Orb.
     0 | D:1      | Reached XP level 1. HP: 10/10 MP: 6/6
   498 | D:2      | Found a basalt altar of Yredelemnul.
   506 | D:2      | Reached XP level 2. HP: 7/15 MP: 4/8
   719 | D:2      | Reached skill level 5 in Ice Magic
   901 | D:2      | Reached XP level 3. HP: 16/19 MP: 6/10
   906 | D:2      | Learned a level 3 spell: Frozen Ramparts
   910 | D:2      | Learned a level 3 spell: Ozocubu's Armour
   987 | D:2      | Noticed Terence
   994 | D:2      | Killed Terence
  1187 | D:2      | Noticed Sigmund
  1194 | D:2      | Killed Sigmund
  1194 | D:2      | Reached skill level 5 in Spellcasting
  1194 | D:2      | Reached skill level 6 in Ice Magic
  1194 | D:2      | Reached XP level 4. HP: 24/24 MP: 7/13
  1194 | D:2      | Reached XP level 5. HP: 28/28 MP: 7/14
  1374 | D:4      | Found a burning altar of Makhleb.
  1388 | D:4      | Reached skill level 7 in Ice Magic
  1388 | D:4      | Reached XP level 6. HP: 32/32 MP: 12/16
  1446 | D:5      | Entered Level 5 of the Dungeon
  1973 | D:4      | Found a glowing silver altar of Zin.
  2334 | D:5      | Reached XP level 7. HP: 30/36 MP: 13/18
  2472 | D:6      | Reached skill level 8 in Ice Magic
  2528 | D:6      | Reached skill level 9 in Ice Magic
  2935 | D:5      | Learned a level 4 spell: Hailstorm
  2940 | D:5      | Learned a level 4 spell: Summon Ice Beast
  3267 | D:6      | Reached XP level 8. HP: 33/41 MP: 18/21
  3500 | D:6      | Found a glowing golden altar of the Shining One.
  3811 | D:6      | Found a staircase to the Ecumenical Temple.
  3817 | Temple   | Entered the Ecumenical Temple
  3865 | Temple   | Became a worshipper of Vehumet
  6221 | D:3      | Noticed a +0 dagger
  6223 | D:3      | Noticed a +0 dagger
  6278 | D:3      | Found a hide-covered altar of Uskayaw.
  6493 | D:3      | Found a runed translucent door.
  6494 | D:3      | Noticed Crazy Yiuf
  6502 | D:3      | Killed Crazy Yiuf
  6502 | D:3      | Reached skill level 10 in Ice Magic
  6792 | D:3      | Found an opulent altar of Gozag.
  6810 | D:3      | You fall into a shaft and drop 1 floor!
  7167 | D:7      | HP: 2/41 [phantom (8)]
  7647 | D:7      | Reached * piety under Vehumet
  7647 | D:7      | Offered knowledge of Magic Dart by Vehumet.
  8146 | D:7      | Reached XP level 9. HP: 45/45 MP: 19/23
  8250 | D:7      | Reached skill level 5 in Dodging
  8374 | D:7      | Noticed Joseph
  8378 | D:7      | Reached skill level 11 in Ice Magic
  8396 | D:7      | Killed Joseph
  8990 | D:8      | Noticed Harold
  9033 | D:7      | Killed Harold
  9033 | D:7      | Reached skill level 10 in Spellcasting
  9033 | D:7      | Reached skill level 12 in Ice Magic
  9627 | D:8      | Found an ornate altar of the Wu Jian Council.
  9631 | D:8      | Reached XP level 10. HP: 50/50 MP: 22/26
 10057 | D:9      | Found a roughly hewn altar of Beogh.
 10057 | D:9      | Found a staircase to the Orcish Mines.
 10062 | D:9      | Reached ** piety under Vehumet
 10062 | D:9      | Offered knowledge of Shock by Vehumet.
 10080 | D:9      | Learned a level 1 spell: Shock
 10111 | D:9      | Reached skill level 1 in Evocations
 10288 | D:9      | Found a staircase to the Lair.
 10294 | D:9      | Learned a level 2 spell: Ensorcelled Hibernation
 10691 | D:9      | Found a shimmering blue altar of Sif Muna.
 10747 | Orc:1    | Entered Level 1 of the Orcish Mines
 10747 | Orc:1    | Noticed an orc knight
 10751 | Orc:1    | Offered knowledge of Conjure Flame by Vehumet.
 10756 | Orc:1    | Killed an orc knight
 10846 | Orc:1    | Noticed a two-headed ogre
 10857 | Orc:1    | Killed a two-headed ogre
 10857 | Orc:1    | Reached skill level 13 in Ice Magic
 10886 | Orc:1    | Reached *** piety under Vehumet
 10962 | Orc:1    | Learned a level 3 spell: Conjure Flame
 10995 | Orc:1    | Offered knowledge of Static Discharge by Vehumet.
 11143 | Orc:1    | Noticed an orc knight
 11149 | Orc:1    | Found a frozen archway.
 11173 | IceCv    | Entered an ice cave
 11320 | IceCv    | HP: 1/50 [something (5)]
 11320 | IceCv    | Slain by a polar bear

Illustrated notes

Levels and vault maps discovered:
D:1:      wheals_arrival_linesprint, layout_basic, serial_rivers,
          chequers_serial_rivers_micro_b, chequers_serial_rivers_small_a,
          chequers_serial_rivers_micro_a, chequers_serial_rivers_room_a,
          chequers_serial_rivers_micro_b
D:2:      cheibrodos_old_hovel, layout_basic, lemuel_round_altar, first_ration,
          uniq_sigmund, uniq_terence
D:3:      layout_loops_cross, lemuel_doored_altar, dancing_weapons_uskayaw,
          grunt_decor_mini_mirrors, uniq_crazy_yiuf_cottage
D:4:      layout_basic, zin_scriptorium, bloody_makhleb
D:5:      cheibrodos_quashed, layout_rooms
D:6:      layout_cave_pools, lemuel_coloured_pillars_altar,
          minmay_temple_entry_fiery
D:7:      layout_rooms, uniq_joseph
D:8:      layout_cave_pools, marbit_many_paths, uniq_harold, uniq_grum
D:9:      layout_loops_ring, kennysheep_little_box, lair_entry_dummy,
          david_orc_5
Temple:   minmay_temple_curvy_branch
Orc:1:    layout_caves, portal_ice_cave_demonic_guard,
          nicolae_orc_sculptors_studio, guppyfry_library_mini, uniq_sonja
IceCv:    ice_cave_caverns_03

Skill      XL: |  1  2  3  4  5  6  7  8  9 10 |
---------------+-------------------------------+-----
Ice Magic      | 5 6 7 9 10 12 13 | 13.6
Spellcasting   | 5 6 7 8 10 11 | 11.5
Stealth        | 3 |  3.0
Dodging        | 4 7 |  7.6
Evocations     | 3 |  3.0

Action                   |  1- 3 |  4- 6 |  7- 9 | 10-12 || total
-------------------------+-------+-------+-------+-------++-------
Melee: Unarmed           |       |     1 |       |       ||     1
       Short sword       |       |     6 |    33 |       ||    39
 Fire: Hunting sling     |       |       |   162 |    72 ||   234
Throw: Javelin           |     7 |       |    40 |     4 ||    51
 Cast: Freeze            |    32 |    21 |    60 |    31 ||   144
       Frozen Ramparts   |     1 |     9 |    31 |    22 ||    63
       Ozocubu's Armour  |       |       |     4 |       ||     4
       Hailstorm         |       |       |    12 |     4 ||    16
       Summon Ice Beast  |       |       |     9 |     3 ||    12
       Shock             |       |       |       |     4 ||     4
       Conjure Flame     |       |       |       |     3 ||     3
Evoke: Wand              |       |       |     1 |    13 ||    14
  Use: Scroll            |       |       |     1 |    19 ||    20
       Potion            |       |       |     3 |       ||     3
 Stab: Sleeping          |       |     2 |     3 |       ||     5
  Eat: Chunk             |     1 |     3 |    19 |     6 ||    29
       Ration            |       |       |     1 |       ||     1
Armor: Robe              |       |     4 |    23 |     9 ||    36
       Skin              |       |       |     4 |       ||     4
Dodge: Dodged            |    10 |    16 |   117 |    30 ||   173

Table legend:
 A = Non-vault XP
 B = Vault XP
 C = Vault XP percentage of total XP
 D = Non-vault monster count
 E = Vault monster count
 F = Vault count percentage of total count
                 A         B        C        D         E       F
            +---------+---------+-------+---------+---------+-------
      Total |    6598 |    3158 |  32.4 |     182 |      41 |  18.4
            +---------+---------+-------+---------+---------+-------
        D:1 |      14 |       0 |   0.0 |      10 |       0 |   0.0
        D:2 |      68 |     265 |  79.6 |      18 |       3 |  14.3
        D:3 |     214 |      40 |  15.7 |      29 |       1 |   3.3
        D:4 |     309 |       0 |   0.0 |      13 |       0 |   0.0
        D:5 |     218 |       0 |   0.0 |      16 |       0 |   0.0
        D:6 |     851 |       0 |   0.0 |      20 |       0 |   0.0
        D:7 |    1564 |    1234 |  44.1 |      29 |       2 |   6.5
        D:8 |     775 |     109 |  12.3 |      15 |       1 |   6.2
        D:9 |     188 |     673 |  78.2 |      12 |      22 |  64.7
      Orc:1 |    2397 |     544 |  18.5 |      20 |      10 |  33.3
      IceCv |       0 |     293 | 100.0 |       0 |       2 | 100.0
            +---------+---------+-------+---------+---------+-------
